 Dungeon Crawl Stone Soup version 0.29-a0-289-g2178c42546 (console) character file.

Game seed: 12848985337829423247

5047 Ignak the Reanimator (level 10, -1/74 HPs)
             Began as a Gnoll Necromancer on Mar 17, 2022.
             Was a Believer of Okawaru.
             Slain by an ice beast (7 damage)
             ... on level 8 of the Dungeon.
             The game lasted 00:26:06 (8912 turns).

Ignak the Reanimator (Gnoll Necromancer)            Turns: 8912, Time: 00:26:07

Health: -1/74      AC: 13    Str:  9    XL:     10   Next: 55%
Magic:  7/19       EV: 16    Int: 18    God:    Okawaru [**....]
Gold:   428        SH:  0    Dex: 12    Spells: 15/23 levels left

rFire   . . .      SeeInvis +   a - +0 glaive (flame)
rCold   . . .      Faith    .   (shield currently unavailable)
rNeg    + . .      Spirit   .   n - +2 ring mail {rN+}
rPois   +          Reflect  .   z - +0 helmet
rElec   .          Harm     .   k - +1 cloak
rCorr   .          Rampage  .   u - +1 pair of gloves
Will    .....                   (no boots)
Stlth   +++.......              (no amulet)
HPRegen 0.22/turn               h - +4 ring of evasion
MPRegen 0.16/turn               r - ring of poison resistance

@: no status effects
A: fangs 1, strong nose, distributed training, see invisible, low MP 1, subdued
magic 1
a: Renounce Religion, Heroism


You were on level 8 of the Dungeon.
You worshipped Okawaru.
Okawaru was pleased with you.
You visited 2 branches of the dungeon, and saw 9 of its levels.

You collected 428 gold pieces.

Inventory:

Hand Weapons
 a - a +0 glaive of flaming (weapon)
 b - a +1 dagger of draining
 q - a +0 dagger of electrocution
 w - a +0 trident of venom
Missiles
 e - 5 poisoned darts (quivered)
 v - a throwing net
Armour
 i - +0 acid dragon scales
 k - a +1 cloak (worn)
 n - a +2 ring mail of positive energy (worn)
 u - a +1 pair of gloves (worn)
 x - a +2 leather armour of cold resistance
 z - a +0 helmet (worn)
Jewellery
 h - a +4 ring of evasion (left hand)
 m - a ring of wizardry
 r - a ring of poison resistance (right hand)
Wands
 j - a wand of digging (3)
 s - a wand of flame (33)
Scrolls
 d - 3 scrolls of amnesia
 f - 5 scrolls of identify
 g - 3 scrolls of immolation
 l - 3 scrolls of teleportation
 t - a scroll of fog
 y - a scroll of silence {unknown}
Potions
 c - 4 potions of brilliance
 o - a potion of might
 p - 3 potions of curing


   Skills:
 + Level 5.4 Fighting
 + Level 5.4 Short Blades
 + Level 5.4 Long Blades
 + Level 5.4 Axes
 + Level 5.4 Maces & Flails
 + Level 5.4 Polearms
 + Level 5.4 Staves
 + Level 5.4 Slings
 + Level 5.4 Bows
 + Level 5.4 Crossbows
 + Level 5.4 Throwing
 + Level 5.4 Armour
 + Level 7.1 Dodging
 + Level 6.9 Stealth
 + Level 5.4 Shields
 + Level 5.4 Unarmed Combat
 + Level 7.4 Spellcasting
 + Level 4.4 Conjurations
 + Level 4.4 Hexes
 + Level 4.4 Summonings
 + Level 8.5 Necromancy
 + Level 4.4 Translocations
 + Level 4.4 Transmutations
 + Level 4.4 Fire Magic
 + Level 4.4 Ice Magic
 + Level 4.4 Air Magic
 + Level 4.4 Earth Magic
 + Level 4.4 Poison Magic
 + Level 5.9 Invocations
 + Level 5.4 Evocations


You had 15 spell levels left.
You knew the following spells:

 Your Spells              Type           Power      Damage    Failure   Level
a - Pain                  Necr           100%       1d9       1%          1
b - Slow                  Hex            68%        N/A       3%          1
c - Vampiric Draining     Necr           28%        2d8       1%          3
d - Mephitic Cloud        Conj/Pois/Air  17%        N/A       10%         3

Your spell library contained the following spells:

 Spells                   Type           Power      Damage    Failure   Level
 Confusing Touch          Hex            17%        N/A       10%         3
 Ignite Poison            Fire/Tmut/Pois 17%        N/A       10%         3
 Agony                    Necr           28%        N/A       19%         5
 Freezing Cloud           Conj/Ice/Air   8%         6-21      71%         5
 Animate Skeleton         Necr           Unusable   N/A       N/A         1
 Animate Dead             Necr           Unusable   N/A       N/A         4

Dungeon Overview and Level Annotations

Branches:
Dungeon (8/15)             Temple (1/1) D:7            Lair (0/6) D:8

Altars:
Ashenzari
Dithmenos
Nemelex Xobeh
Okawaru
Qazlal
Ru
Sif Muna
Trog
Vehumet
Xom

Shops:
D:2 (   D:3 !   D:4 (


Innate Abilities, Weirdness & Mutations

You have very sharp teeth.
Your uncanny sense of smell can sniff out nearby items.
Your experience applies equally to all skills.
You have supernaturally acute eyesight. (SInv)
Your magical capacity is low. (-10% MP)
Your spells are a little easier to cast, but a little less powerful.


Message History

The white imp grins evilly.
The steam dragon barely misses the water moccasin.
The steam dragon claws the water moccasin.
The bullfrog hits the seven-headed hydra!
The ice beast closely misses you.
The steam dragon bites the seven-headed hydra!
The steam dragon claws the seven-headed hydra.
The steam dragon bites itself.
The steam dragon barely misses itself.
The bullfrog hits the seven-headed hydra!
You closely miss the ice beast.
You bite the ice beast, but do no damage.
The ice beast is almost dead.
The bullfrog hits the water moccasin.
The ice beast hits you but does no damage.
The orc wizard hits the ice beast with a +0 dagger.
The howler monkey hoots and howls with incredible vigour!
The bullfrog hits the seven-headed hydra!
The ice beast hits you but does no damage.
The orc wizard gestures wildly.
The steam dragon barely misses the water moccasin.
The steam dragon closely misses the water moccasin.
The bullfrog barely misses the seven-headed hydra.
You hit the ice beast but do no damage.
The ice beast is almost dead.
You feel yourself speed up.
The bullfrog seems less confused.
The ice beast misses you.
The steam dragon bites the water moccasin!
The steam dragon claws the water moccasin.
The steam dragon misses the water moccasin.
The steam dragon claws the water moccasin.
The steam dragon bites itself!
The steam dragon claws itself but does no damage.
The ice beast misses you.
The orc wizard hits the ice beast but does no damage.
The bullfrog swells and bulges.
The orc wizard closely misses the ice beast.
The ice beast hits you.
* * * LOW HITPOINT WARNING * * *
The ice beast freezes you!
You die...

..# ###
#....##....# #..
.. .#......#.##.##
..##S #..
#....##... #o.#
#..# #....##...
#.Y### #...
##........
#c.##Fc#
#...##...†.#..>
#.h##SS####
#......#.##...
...5TKFDDY.#
##....##......
###'#######@#
##....##.##...
#.###......#.....#
#.##...##.....##..
.#
#..'..###....###..
.#
####...###........
.# #...##....#.#..
.# ##......#.#.#..
.# ##....##.#....
.# .
##....##......


You could see a seven-headed hydra, a troll, a steam dragon (confused), 2 water
moccasins, 2 ice beasts, a kobold brigand, 2 bullfrogs, a howler monkey, an orc
wizard (confused) and a white imp.

Vanquished Creatures
  Joseph (D:7)
  Maggie (D:7)
  A hornet (D:8)
  Grinder (D:5)
  Prince Ribbit (D:7)
  Sigmund (D:2)
  Eustachio (D:6)
  A steam dragon (D:7)
  3 water moccasins
  A sky beast (D:7)
  An orc warrior (D:7)
  3 black bears
  An ogre (D:4)
  3 centaurs
  2 phantoms
  A kobold brigand (D:7)
  Blork the orc (D:4)
  3 necrophages
  A gnoll sergeant (D:7)
  5 bullfrogs
  A scorpion (D:5)
  5 wights (D:7)
  A killer bee (D:7)
  2 howler monkeys (D:8)
  6 jellies
  Crazy Yiuf (D:7)
  A gnoll shaman (D:8)
  6 hounds
  5 iguanas
  Ijyb (D:4)
  4 orc wizards
  11 gnolls
  7 adders
  5 white imps
  3 worms
  5 dart slugs
  22 orcs
  12 endoplasms
  6 giant cockroaches
  11 goblins
  6 hobgoblins
  7 jackals (D:3)
  2 quokkas
  6 ball pythons
  6 bats
  2 frilled lizards (D:1)
  7 kobolds
  9 rats
193 creatures vanquished.

Vanquished Creatures (others)
  2 orcs (D:7)
  7 plants (D:4)
9 creatures vanquished.

Grand Total: 202 creatures vanquished

Notes
Turn   | Place    | Note
-------+----------+-------------------------------------------
     0 | D:1      | Ignak the Gnoll Necromancer began the quest for the Orb.
     0 | D:1      | Reached XP level 1. HP: 13/13 MP: 6/6
    70 | D:1      | Reached XP level 2. HP: 14/19 MP: 2/7
   719 | D:1      | Reached XP level 3. HP: 21/25 MP: 6/9
   777 | D:1      | Learned a level 3 spell: Vampiric Draining
   804 | D:1      | Reached skill level 5 in Spellcasting
   936 | D:1      | Found a faded altar of an unknown god.
  1071 | D:1      | Reached skill level 1 in Invocations
  1252 | D:2      | Found Soakhleask's Weapon Boutique.
  1513 | D:2      | Reached skill level 1 in Fighting
  1513 | D:2      | Reached skill level 1 in Short Blades
  1513 | D:2      | Reached skill level 1 in Long Blades
  1513 | D:2      | Reached skill level 1 in Axes
  1513 | D:2      | Reached skill level 1 in Maces & Flails
  1513 | D:2      | Reached skill level 1 in Polearms
  1513 | D:2      | Reached skill level 1 in Staves
  1513 | D:2      | Reached skill level 1 in Slings
  1513 | D:2      | Reached skill level 1 in Bows
  1513 | D:2      | Reached skill level 1 in Crossbows
  1513 | D:2      | Reached skill level 1 in Throwing
  1513 | D:2      | Reached skill level 1 in Armour
  1513 | D:2      | Reached skill level 1 in Shields
  1513 | D:2      | Reached skill level 1 in Unarmed Combat
  1513 | D:2      | Reached skill level 1 in Evocations
  1572 | D:2      | Reached XP level 4. HP: 30/32 MP: 11/11
  1747 | D:2      | Noticed Sigmund
  1759 | D:2      | Killed Sigmund
  1760 | D:2      | Reached skill level 1 in Conjurations
  1760 | D:2      | Reached skill level 1 in Hexes
  1760 | D:2      | Reached skill level 1 in Summonings
  1760 | D:2      | Reached skill level 1 in Translocations
  1760 | D:2      | Reached skill level 1 in Transmutations
  1760 | D:2      | Reached skill level 1 in Fire Magic
  1760 | D:2      | Reached skill level 1 in Ice Magic
  1760 | D:2      | Reached skill level 1 in Air Magic
  1760 | D:2      | Reached skill level 1 in Earth Magic
  1760 | D:2      | Reached skill level 1 in Poison Magic
  1760 | D:2      | Reached XP level 5. HP: 36/38 MP: 4/12
  1908 | D:3      | Reached XP level 6. HP: 38/44 MP: 14/14
  1990 | D:3      | Reached skill level 5 in Dodging
  2157 | D:3      | Found Koitwage's Distillery.
  2762 | D:4      | Gained mutation: You have hidden genetic defects. [potion
                  | of mutation]
  2762 | D:4      | Gained mutation: You expend magic power (3 MP) to
                  | strengthen your wands. [potion of mutation]
  2762 | D:4      | Gained mutation: You have supernaturally acute eyesight.
                  | (SInv) [potion of mutation]
  2839 | D:4      | Reached XP level 7. HP: 50/50 MP: 15/15
  2862 | D:4      | Noticed Ijyb
  2887 | D:4      | Killed Ijyb
  2895 | D:4      | Gained mutation: Armour fits poorly on your strangely
                  | shaped body. [hidden defects]
  3008 | D:4      | Found a sparkling altar of Nemelex Xobeh.
  3018 | D:4      | Noticed Blork the orc
  3045 | D:4      | Killed Blork the orc
  3049 | D:4      | Gained mutation: You are weak. (Str -2) [hidden defects]
  3049 | D:4      | Lost mutation: You have hidden genetic defects. [hidden
                  | defects expressed]
  3056 | D:4      | Lost mutation: Armour fits poorly on your strangely shaped
                  | body. [potion of mutation]
  3056 | D:4      | Lost mutation: You are weak. (Str -2) [potion of mutation]
  3056 | D:4      | Lost mutation: You expend magic power (3 MP) to strengthen
                  | your wands. [potion of mutation]
  3056 | D:4      | Gained mutation: Your magical capacity is low. (-10% MP)
                  | [potion of mutation]
  3056 | D:4      | Gained mutation: Your spells are a little easier to cast,
                  | but a little less powerful. [potion of mutation]
  3345 | D:4      | Reached skill level 5 in Stealth
  3499 | D:4      | Found Yloicuo's Weapon Shoppe.
  3666 | D:5      | Entered Level 5 of the Dungeon
  3846 | D:5      | Reached XP level 8. HP: 54/57 MP: 5/15
  4596 | D:5      | Noticed Grinder
  5093 | D:5      | Paralysed by Grinder for 7 turns
  5102 | D:5      | Paralysed by Grinder for 5 turns
  5117 | D:5      | Paralysed by Grinder for 4 turns
  5135 | D:5      | Killed Grinder
  5576 | D:5      | Found a shimmering blue altar of Sif Muna.
  5745 | D:6      | Reached XP level 9. HP: 62/65 MP: 16/16
  5786 | D:6      | Noticed Eustachio
  5792 | D:6      | Learned a level 3 spell: Mephitic Cloud
  5822 | D:6      | Killed Eustachio
  6242 | D:6      | Found a shimmering altar of Xom.
  6258 | D:6      | Reached skill level 8 in Necromancy
  6261 | D:6      | Found a bloodstained altar of Trog.
  6319 | D:6      | Identified the +0 ring mail of Recklessness {Rampage +Blink
                  | rF- SInv}
  6323 | D:6      | Found a stormy altar of Qazlal.
  6581 | D:7      | Found an iron altar of Okawaru.
  6591 | D:7      | Became a worshipper of Warmaster Okawaru
  6721 | D:7      | Noticed Maggie
  6729 | D:7      | Noticed Joseph
  6740 | D:7      | Killed Maggie
  6763 | D:7      | Killed Joseph
  6763 | D:7      | Reached * piety under Okawaru
  6764 | D:7      | Reached skill level 5 in Invocations
  7017 | D:7      | Reached XP level 10. HP: 64/73 MP: 3/18
  7390 | D:7      | Found a broken altar of Ashenzari.
  7420 | D:7      | Reached skill level 5 in Fighting
  7420 | D:7      | Reached skill level 5 in Short Blades
  7420 | D:7      | Reached skill level 5 in Long Blades
  7420 | D:7      | Reached skill level 5 in Axes
  7420 | D:7      | Reached skill level 5 in Maces & Flails
  7420 | D:7      | Reached skill level 5 in Polearms
  7420 | D:7      | Reached skill level 5 in Staves
  7420 | D:7      | Reached skill level 5 in Slings
  7420 | D:7      | Reached skill level 5 in Bows
  7420 | D:7      | Reached skill level 5 in Crossbows
  7420 | D:7      | Reached skill level 5 in Throwing
  7420 | D:7      | Reached skill level 5 in Armour
  7420 | D:7      | Reached skill level 5 in Shields
  7420 | D:7      | Reached skill level 5 in Unarmed Combat
  7420 | D:7      | Reached skill level 5 in Evocations
  7575 | D:7      | Found a staircase to the Ecumenical Temple.
  7586 | Temple   | Entered the Ecumenical Temple
  7659 | D:7      | Noticed Prince Ribbit
  7682 | D:7      | Killed Prince Ribbit
  7766 | D:7      | Found a radiant altar of Vehumet.
  7871 | D:6      | Learned a level 1 spell: Slow
  8077 | D:7      | Found a runed translucent door.
  8078 | D:7      | Noticed Crazy Yiuf
  8092 | D:7      | Killed Crazy Yiuf
  8149 | D:7      | Reached ** piety under Okawaru
  8679 | D:8      | Found a shadowy altar of Dithmenos.
  8774 | D:8      | Found a staircase to the Lair.
  8777 | D:8      | Found a sacrificial altar of Ru.
  8905 | D:8      | Noticed a seven-headed hydra
  8912 | D:8      | Slain by an ice beast

Illustrated notes

Levels and vault maps discovered:
D:1:      minmay_arrival_four_houses, layout_basic,
          hellmonk_ecumenical_altar_slurped_away
D:2:      layout_rooms, serial_shops, nicolae_shop_bloodbath_and_beyond,
          uniq_sigmund
D:3:      layout_basic, serial_shops, nicolae_shop_statue_plus
D:4:      cheibrodos_old_hovel, layout_cave_pools,
          mainiacjoe_overflow_small_starburst, serial_shops,
          nicolae_shop_waterfront, serial_bayou_lagoon_b, uniq_blork_the_orc,
          uniq_ijyb
D:5:      minmay_spotlight, layout_basic, nicolae_sif_muna_little_library,
          serial_glass, glass_columns_a, glass_columns_b,
          kennysheep_small_spiral, uniq_grinder
D:6:      layout_basic, jmf_multi_god_temple, grunt_qazlal_clouds,
          kennysheep_generic_room_5, uniq_eustachio
D:7:      layout_basic, mainiacjoe_overflow_concentric_impassable,
          vehumet_crystals, okawaru_trees_2, minmay_temple_entry_slanted,
          minmay_bent, uniq_maggie, uniq_joseph, uniq_crazy_yiuf_cottage,
          uniq_prince_ribbit1
D:8:      wad_guarded_room, layout_rooms, lemuel_zombie_altar_yredelemnul,
          kennysheep_mini_moat, mainiacjoe_overflow_six_doors_small
Temple:   jpeg_temple_island

Skill      XL: |  1  2  3  4  5  6  7  8  9 10 |
---------------+-------------------------------+-----
Spellcasting   | 5 6 7 |  7.4
Invocations    | 1 2 3 4 5 |  5.9
Fighting       | 1 2 3 4 5 |  5.4
Short Blades   | 1 2 3 4 5 |  5.4
Long Blades    | 1 2 3 4 5 |  5.4
Axes           | 1 2 3 4 5 |  5.4
Maces & Flails | 1 2 3 4 5 |  5.4
Polearms       | 1 2 3 4 5 |  5.4
Staves         | 1 2 3 4 5 |  5.4
Slings         | 1 2 3 4 5 |  5.4
Bows           | 1 2 3 4 5 |  5.4
Crossbows      | 1 2 3 4 5 |  5.4
Throwing       | 1 2 3 4 5 |  5.4
Armour         | 1 2 3 4 5 |  5.4
Shields        | 1 2 3 4 5 |  5.4
Unarmed Combat | 1 2 3 4 5 |  5.4
Evocations     | 1 2 3 4 5 |  5.4
Conjurations   | 1 2 3 4 |  4.4
Hexes          | 1 2 3 4 |  4.4
Summonings     | 1 2 3 4 |  4.4
Translocations | 1 2 3 4 |  4.4
Transmutations | 1 2 3 4 |  4.4
Fire Magic     | 1 2 3 4 |  4.4
Ice Magic      | 1 2 3 4 |  4.4
Air Magic      | 1 2 3 4 |  4.4
Earth Magic    | 1 2 3 4 |  4.4
Poison Magic   | 1 2 3 4 |  4.4
Dodging        | 5 6 7 |  7.1
Stealth        | 5 6 |  6.9
Necromancy     | 8 |  8.5

Action                   |  1- 3 |  4- 6 |  7- 9 | 10-12 || total
-------------------------+-------+-------+-------+-------++-------
Melee: Short sword       |    11 |       |       |       ||    11
       Bite              |     6 |    14 |    47 |    10 ||    77
       Unarmed           |     2 |       |       |       ||     2
       Dagger            |    41 |   129 |   136 |       ||   306
       Punch             |     1 |       |     7 |       ||     8
       Falchion          |       |       |   212 |       ||   212
       Glaive            |       |       |    12 |   111 ||   123
 Cast: Pain              |    27 |     6 |     4 |     8 ||    45
       Vampiric Draining |     4 |     7 |    53 |    16 ||    80
       Mephitic Cloud    |       |       |     7 |     5 ||    12
       Slow              |       |       |       |     7 ||     7
Evoke: Wand              |       |       |       |     8 ||     8
  Use: Potion            |     4 |     2 |     4 |     1 ||    11
       Scroll            |     2 |     2 |     2 |     1 ||     7
 Stab: Sleeping          |     6 |     6 |     6 |     2 ||    20
       Confused          |       |       |     9 |     3 ||    12
Armor: Robe              |    14 |     1 |       |       ||    15
       Ring mail         |       |    22 |   124 |    45 ||   191
Dodge: Dodged            |    30 |   107 |   326 |   126 ||   589

Table legend: (Time is in decaauts)
 A = Elapsed time spent in this place.
 B = Non-inter-level travel time spent in this place.
 C = Inter-level travel time spent in this place.
 D = Time resting spent in this place.
 E = Time spent auto-exploring this place.
 F = Levels seen in this place.
 G = Mean time per level.
                   A        B        C        D        E       F      G
               +--------+--------+--------+--------+--------+-----+--------+
         Total |   8965 |   8868 |     97 |   1048 |   4937 |   9 |  996.1 |
       Dungeon |   8963 |   8866 |     97 |   1048 |   4937 |   8 | 1120.4 |
        Temple |      1 |      1 |      0 |      0 |      0 |   1 |    1.0 |
               +--------+--------+--------+--------+--------+-----+--------+

Top non-repeatable levels by time:
     D:7: 2014 daAuts
     D:5: 1548 daAuts
     D:4: 1460 daAuts
     D:1: 1228 daAuts
     D:6: 803 daAuts
     D:3: 800 daAuts
     D:2: 630 daAuts
     D:8: 477 daAuts
  Temple: 1 daAuts
